 Dungeon Crawl Stone Soup version 0.29-a0-892-g2c4c91d9db (webtiles) character file.

Game seed: 2409413800200855280

433 night the Grave Robber (level 7, 0/50 HPs)
             Began as a Gnoll Necromancer on July 22, 2022.
             Slain by Pikel
             ... wielding a +1 whip of flaming
              (8 damage)
             ... on level 4 of the Dungeon.
             The game lasted 00:10:28 (4439 turns).

night the Grave Robber (Gnoll Necromancer)          Turns: 4439, Time: 00:10:29

Health: 0/50       AC:  5    Str:  9    XL:     7   Next: 0%
Magic:  11/15      EV: 11    Int: 14    God:
Gold:   232        SH:  0    Dex: 13    Spells: 12/17 levels left

rFire   . . .      SeeInvis .   j - +2 short sword (venom)
rCold   . . .      Faith    .   (no shield)
rNeg    . . .      Spirit   .   a - +0 robe
rPois   .          Reflect  .   k - +0 helmet
rElec   .          Harm     .   (no cloak)
rCorr   .          Rampage  .   l - +0 pair of gloves
Will    .....                   f - +0 pair of boots
Stlth   +++.......              (no amulet)
HPRegen 0.16/turn               (no ring)
MPRegen 0.14/turn               (no ring)

@: grasped by roots, constricted
A: fangs 1, strong nose, distributed training
a: no special abilities


You were on level 4 of the Dungeon.
You visited 1 branch of the dungeon, and saw 4 of its levels.
You also visited: Sewer.

You collected 232 gold pieces.

Inventory:

Hand Weapons
 c - a +0 whip
 j - a +2 short sword of venom (weapon)
Missiles
 d - 17 poisoned darts
 e - 37 stones
Armour
 a - a +0 robe (worn)
 f - a +0 pair of boots (worn)
 k - a +0 helmet (worn)
 l - a +0 pair of gloves (worn)
Scrolls
 o - a scroll of poison
 q - a scroll of amnesia
 r - a scroll of fear
 s - 3 scrolls of teleportation
 t - a scroll of immolation
Potions
 b - a potion of magic
 g - a potion of might {unknown}
 h - 2 potions of curing {unknown}
 i - a potion of flight {unknown}
 m - a potion of lignification {unknown}
 n - 4 potions of invisibility {unknown}
 p - a potion of cancellation {unknown}
 w - a potion of berserk rage {unknown}
 z - a potion of haste {unknown}


   Skills:
 + Level 2.2 Fighting
 + Level 2.2 Short Blades
 + Level 2.2 Long Blades
 + Level 2.2 Axes
 + Level 2.2 Maces & Flails
 + Level 2.2 Polearms
 + Level 2.2 Staves
 + Level 2.2 Ranged Weapons
 + Level 2.2 Throwing
 + Level 2.2 Armour
 + Level 5.1 Dodging
 + Level 4.8 Stealth
 + Level 2.2 Shields
 + Level 2.2 Unarmed Combat
 + Level 5.5 Spellcasting
 + Level 1.8 Conjurations
 + Level 1.8 Hexes
 + Level 1.8 Summonings
 + Level 7.3 Necromancy
 + Level 1.8 Translocations
 + Level 1.8 Transmutations
 + Level 1.8 Fire Magic
 + Level 1.8 Ice Magic
 + Level 1.8 Air Magic
 + Level 1.8 Earth Magic
 + Level 1.8 Poison Magic
 + Level 2.5 Invocations
 + Level 2.2 Evocations


You had 12 spell levels left.
You knew the following spells:

 Your Spells              Type           Power      Damage    Failure   Level
a - Necrotise             Necr           96%        1d8       1%          1
b - Animate Dead          Necr           24%        N/A       8%          4

Your spell library contained the following spells:

 Spells                   Type           Power      Damage    Failure   Level
 Vampiric Draining        Necr           24%        2d7       2%          3
 Ensorcelled Hibernation  Hex/Ice        18%        N/A       12%         2
 Agony                    Necr           24%        N/A       22%         5
 Call Canine Familiar     Summ           9%         N/A       24%         3
 Portal Projectile        Hex/Tloc       18%        N/A       24%         3
 Spider Form              Tmut/Pois      9%         N/A       24%         3
 Tukima's Dance           Hex            9%         N/A       24%         3
 Anguish                  Hex/Necr       8%         N/A       24%         4
 Leda's Liquefaction      Hex/Erth       4%         N/A       61%         4
 Blade Hands              Tmut           4%         N/A       91%         5


Dungeon Overview and Level Annotations

Branches:
Dungeon (4/15)              Sewer (visited)
 Temple: D:4-7

Altars:
Gozag
Makhleb

Annotations:
D:4 Pikel


Innate Abilities, Weirdness & Mutations

You have very sharp teeth.
Your uncanny sense of smell can sniff out nearby items.
Your experience applies equally to all skills.


Message History

A lemure comes into view.
The grasping roots release their grip on you.
Casting: Necrotise (safe; 1% risk of failure)
Confirm with . or Enter, or press ? or * to list all spells.
Aiming: Necrotise (safe; 1% risk of failure)
Press: ? - help, Shift-Dir - straight line, f/p - Pikel
Aim: Pikel, wielding a +1 whip of flaming, wearing a +0 robe and carrying a wand of roots (5) (moderately wounded, ally target, chance to affect: 83%) Pikel writhes in agony!
Pikel zaps a wand.
The roots erupt in riotous growth!
The grasping roots grab you!
Pikel is unaffected.
The grasping roots constrict you.
A lemure comes into view.
Your goblin skeleton misses Pikel.
You hit Pikel.
Pikel is poisoned.
Pikel is severely wounded.
Pikel barely misses you. The grasping roots constrict you.
You barely miss Pikel.
Pikel is severely wounded.
Your goblin skeleton crumbles into dust!
Pikel hits you with a +1 whip of flaming.
Pikel burns you. The grasping roots constrict you.
You closely miss Pikel. You bite Pikel, but do no damage.
Pikel is severely wounded.
Pikel closely misses you. The grasping roots constrict you.
The grasping roots release their grip on you.
You closely miss Pikel. Your bite misses Pikel.
Pikel is severely wounded.
The lemure hits you!
* * * LOW HITPOINT WARNING * * *
Pikel zaps a wand.
The roots erupt in riotous growth!
The grasping roots grab you!
Pikel is unaffected.
The lemure is unaffected. x2
The grasping roots constrict you.
* * * LOW HITPOINT WARNING * * *
You aren't carrying any items that you can evoke.
Okay, then.
You hit Pikel.
Pikel looks as sick as possible!
You bite Pikel, but do no damage.
Pikel is severely wounded.
Pikel hits you with a +1 whip of flaming!
You die...

**,,,,∆,,* *,,**..#*** *,**
***,,,,,,#.*##,***..# *,,*
,,,,,***,#.##..* *..# **,* ,*,,**
*,,....####..### *,* **,***
****#..........### *,*
,,,,,######*#..##...)...# *,*
,,,,,#....###..#........# *,*****
,,,,,#....#........<..#,***,**,,,
,,,,,#.......##!@K...##,,,,,**,,,
,,,,,#....#.....555###****,,**,,,
,,,,,#.).....##..#..5..#,,,,,,,,,
,,,.......#......#####..,,,,,,,,,
,,,..######.#........,,*,,,,,,,,,
,,...* #.#........,,*,,,,,,,,,
,,..∆* ##...#.......,*******,,,
##########....#...$...,* *,,,
.....#........#.......,* *,,,


You could see Pikel (extremely poisoned) and 4 lemures.

Vanquished Creatures
  A bullfrog (Sewer)
  An orc wizard (D:3)
  A gnoll (D:1)
  5 adders
  5 river rats (Sewer)
  An ufetubus (D:4)
  A worm (D:3)
  3 dart slugs
  2 orcs (D:3)
  16 ball pythons
  6 bats
  10 endoplasms
  2 giant cockroaches (D:3)
  10 goblins
  4 hobgoblins
  4 jackals (D:2)
  6 kobolds
  2 quokkas
  6 frilled lizards
  16 rats
102 creatures vanquished.

Vanquished Creatures (collateral kills)
  A bullfrog (Sewer)
  An adder (Sewer)
  4 river rats (Sewer)
  6 ball pythons (Sewer)
  An endoplasm (Sewer)
  A goblin (D:2)
  14 rats (Sewer)
28 creatures vanquished.

Vanquished Creatures (others)
  An adder zombie (Sewer)
  3 river rat zombies (Sewer)
  4 ball python zombies (Sewer)
  6 rat zombies (Sewer)
  A withered plant (D:1)
15 creatures vanquished.

Grand Total: 145 creatures vanquished

Notes
Turn   | Place    | Note
-------+----------+-------------------------------------------
     0 | D:1      | night the Gnoll Necromancer began the quest for the Orb.
     0 | D:1      | Reached XP level 1. HP: 13/13 MP: 6/6
   318 | D:1      | Reached XP level 2. HP: 19/19 MP: 5/7
   781 | D:1      | Reached skill level 5 in Spellcasting
   781 | D:1      | Reached XP level 3. HP: 25/25 MP: 5/9
   849 | D:1      | Found a faded altar of an unknown god.
   853 | D:1      | Prayed at the altar of an unknown god.
   853 | D:1      | Became a worshipper of Gozag Ym Sagoz the Greedy
  1239 | D:1      | Reached skill level 1 in Invocations
  1411 | D:2      | Reached skill level 1 in Fighting
  1411 | D:2      | Reached skill level 1 in Short Blades
  1411 | D:2      | Reached skill level 1 in Long Blades
  1411 | D:2      | Reached skill level 1 in Axes
  1411 | D:2      | Reached skill level 1 in Maces & Flails
  1411 | D:2      | Reached skill level 1 in Polearms
  1411 | D:2      | Reached skill level 1 in Staves
  1411 | D:2      | Reached skill level 1 in Ranged Weapons
  1411 | D:2      | Reached skill level 1 in Throwing
  1411 | D:2      | Reached skill level 1 in Armour
  1411 | D:2      | Reached skill level 1 in Shields
  1411 | D:2      | Reached skill level 1 in Unarmed Combat
  1411 | D:2      | Reached skill level 1 in Evocations
  1549 | D:2      | Fell from the grace of Gozag
  1592 | D:2      | Reached XP level 4. HP: 17/32 MP: 6/11
  2145 | D:2      | Reached skill level 1 in Conjurations
  2145 | D:2      | Reached skill level 1 in Hexes
  2145 | D:2      | Reached skill level 1 in Summonings
  2145 | D:2      | Reached skill level 1 in Translocations
  2145 | D:2      | Reached skill level 1 in Transmutations
  2145 | D:2      | Reached skill level 1 in Fire Magic
  2145 | D:2      | Reached skill level 1 in Ice Magic
  2145 | D:2      | Reached skill level 1 in Air Magic
  2145 | D:2      | Reached skill level 1 in Earth Magic
  2145 | D:2      | Reached skill level 1 in Poison Magic
  2150 | D:2      | Learned a level 4 spell: Animate Dead
  2517 | D:3      | Reached XP level 5. HP: 30/37 MP: 12/12
  2718 | D:3      | Found a glowing drain.
  2728 | D:3      | Was forgiven by Gozag
  2731 | Sewer    | Entered a sewer
  3185 | Sewer    | Reached skill level 2 in Invocations
  3334 | Sewer    | Reached XP level 6. HP: 44/44 MP: 8/13
  3363 | Sewer    | Reached skill level 5 in Dodging
  3457 | Sewer    | Reached skill level 2 in Fighting
  3457 | Sewer    | Reached skill level 2 in Short Blades
  3457 | Sewer    | Reached skill level 2 in Long Blades
  3457 | Sewer    | Reached skill level 2 in Axes
  3457 | Sewer    | Reached skill level 2 in Maces & Flails
  3457 | Sewer    | Reached skill level 2 in Polearms
  3457 | Sewer    | Reached skill level 2 in Staves
  3457 | Sewer    | Reached skill level 2 in Ranged Weapons
  3457 | Sewer    | Reached skill level 2 in Throwing
  3457 | Sewer    | Reached skill level 2 in Armour
  3457 | Sewer    | Reached skill level 2 in Shields
  3457 | Sewer    | Reached skill level 2 in Unarmed Combat
  3457 | Sewer    | Reached skill level 2 in Evocations
  3878 | D:3      | Found a burning altar of Makhleb.
  4356 | D:4      | Reached XP level 7. HP: 41/50 MP: 15/15
  4427 | D:4      | Noticed Pikel
  4439 | D:4      | Slain by Pikel

Illustrated notes

Levels and vault maps discovered:
D:1:      spicycebolla_arrival_clurvy, layout_loops_corners,
          shapermc_ecumenical_altar_mp_vishouse
D:2:      layout_rooms
D:3:      layout_loops_ring, mainiacjoe_overflow_boulevard,
          portal_sewer_entry_f, kennysheep_generic_room_13
D:4:      layout_rooms, kiku_gazebo_pond_becter, uniq_pikel

Skill      XL: |  1  2  3  4  5  6 |
---------------+-------------------+-----
Spellcasting   | 5 |  5.5
Invocations    | 1 2 |  2.5
Fighting       | 1 2 |  2.2
Short Blades   | 1 2 |  2.2
Long Blades    | 1 2 |  2.2
Axes           | 1 2 |  2.2
Maces & Flails | 1 2 |  2.2
Polearms       | 1 2 |  2.2
Staves         | 1 2 |  2.2
Ranged Weapons | 1 2 |  2.2
Throwing       | 1 2 |  2.2
Armour         | 1 2 |  2.2
Shields        | 1 2 |  2.2
Unarmed Combat | 1 2 |  2.2
Evocations     | 1 2 |  2.2
Conjurations   | 1 |  1.8
Hexes          | 1 |  1.8
Summonings     | 1 |  1.8
Translocations | 1 |  1.8
Transmutations | 1 |  1.8
Fire Magic     | 1 |  1.8
Ice Magic      | 1 |  1.8
Air Magic      | 1 |  1.8
Earth Magic    | 1 |  1.8
Poison Magic   | 1 |  1.8
Dodging        | 5 |  5.1
Stealth        | |  4.8
Necromancy     | |  7.3

Action                   |  1- 3 |  4- 6 |  7- 9 || total
-------------------------+-------+-------+-------++-------
Melee: Unarmed           |     5 |       |       ||     5
       Whip              |     8 |       |       ||     8
       Short sword       |     3 |    78 |     5 ||    86
       Bite              |       |     6 |     2 ||     8
       Punch             |       |     2 |       ||     2
 Cast: Necrotise         |    56 |    83 |     6 ||   145
       Animate Dead      |       |     2 |       ||     2
Invok: Renounce Religion |     1 |       |       ||     1
  Use: Scroll            |       |    10 |       ||    10
 Stab: Sleeping          |       |     5 |       ||     5
Armor: Robe              |     6 |    44 |       ||    50
Dodge: Dodged            |    16 |   109 |     2 ||   127

Table legend: (Time is in decaauts)
 A = Elapsed time spent in this place.
 B = Non-inter-level travel time spent in this place.
 C = Inter-level travel time spent in this place.
 D = Time resting spent in this place.
 E = Time spent auto-exploring this place.
 F = Levels seen in this place.
 G = Mean time per level.
                   A        B        C        D        E       F      G
               +--------+--------+--------+--------+--------+-----+--------+
         Total |   4484 |   4358 |    126 |    698 |   2963 |   5 |  896.8 |
       Dungeon |   3467 |   3341 |    126 |    265 |   2627 |   4 |  866.8 |
         Sewer |   1016 |   1016 |      0 |    433 |    336 |   1 | 1016.0 |
               +--------+--------+--------+--------+--------+-----+--------+

Top non-repeatable levels by time:
     D:1: 1393 daAuts
     D:3: 1051 daAuts
   Sewer: 1016 daAuts
     D:2: 882 daAuts
     D:4: 139 daAuts
